 Dungeon Crawl Stone Soup version 0.23.2-1-ga50397a6bc (webtiles) character file.

Game seed: 4004672222523354480

2718 Mrkan the Blocker (level 9, -25/70 HPs)
             Began as a Minotaur Fighter on May 25, 2019.
             Was a Believer of Dithmenos.
             Killed from afar by Erica (36 damage)
             ... with a bolt of poison
             ... on level 8 of the Dungeon.
             The game lasted 00:11:31 (7155 turns).

Mrkan the Blocker (Minotaur Fighter)                Turns: 7155, Time: 00:11:32

Health: -25/70     AC: 12    Str: 22    XL:     9   Next: 39%
Magic:  12/12      EV: 11    Int:  5    God:    Dithmenos [**....]
Gold:   615        SH: 13    Dex: 17    Spells: 8/8 levels left

rFire    . . .     SeeInvis .   B - +0 whip (freeze)
rCold    . . .     Gourm    .   c - +1 shield
rNeg     . . .     Faith    .   p - +0 chain mail
rPois    .         Spirit   .   (helmet restricted)
rElec    .         Reflect  .   q - +2 cloak {+Inv}
rCorr    .         Harm     .   (no gloves)
MR       .....                  (no boots)
Stlth    ..........             (no amulet)
HPRegen  0.21/turn              (no ring)
MPRegen  0.13/turn              (no ring)

@: agile, lethally poisoned (-25 -> -40), very slightly contaminated, slowed,
wreathed by umbra, very slow
A: retaliatory headbutt, horns 2
a: Shadow Step, Renounce Religion, Evoke Invisibility


You were on level 8 of the Dungeon.
You worshipped Dithmenos.
Dithmenos was pleased with you.
You were hungry.

You visited 1 branch of the dungeon, and saw 8 of its levels.
You also visited: Ossuary.

You collected 615 gold pieces.

Inventory:

Hand Weapons
 a - a +1 flail
 g - a cursed +0 mace
 B - a +0 whip of freezing (weapon)
Armour
 c - a +1 shield (worn)
 p - a +0 chain mail (worn)
 q - a +2 cloak of invisibility (worn)
Jewellery
 s - a +3 ring of intelligence {unknown}
 x - an uncursed ring of flight {unknown}
Wands
 b - a wand of flame (25)
 w - a wand of iceblast (6)
 D - a wand of polymorph (9)
Scrolls
 e - 2 scrolls of amnesia
 h - 2 scrolls of blinking
 k - 7 scrolls of teleportation
 o - 8 scrolls of identify
 u - a scroll of fog {unknown}
 v - 3 scrolls of enchant weapon
 y - a scroll of fear {unknown}
 z - a scroll of random uselessness {unknown}
 F - 3 scrolls of silence {unknown}
 G - a scroll of immolation {unknown}
Potions
 d - 2 potions of lignification {unknown}
 i - 5 potions of mutation {unknown}
 j - 3 potions of flight {unknown}
 l - 3 potions of heal wounds {unknown}
 m - 3 potions of agility
 n - 2 potions of brilliance {unknown}
 r - a potion of haste {unknown}
 t - 8 potions of curing {unknown}
 A - a potion of magic {unknown}
 C - a potion of ambrosia {unknown}
Comestibles
 f - 13 rations


   Skills:
 - Level 3.6 Fighting
 + Level 9.6 Maces & Flails
 - Level 3.6 Armour
 + Level 10.0 Shields
 + Level 6.5 Invocations


You had 8 spell levels left.
You didn't know any spells.
Your spell library contained the following spells:

 Spells                   Type           Power        Failure   Level  Hunger
 Corona                   Hex            #......      100%        1    ##.....
 Freeze                   Ice            #...         100%        1    ##.....
 Summon Small Mammal      Summ           #...         100%        1    ##.....
 Call Imp                 Summ           #.......     100%        2    ###....
 Ensorcelled Hibernation  Hex/Ice        #.....       100%        2    ###....
 Throw Frost              Conj/Ice       #.....       100%        2    ###....
 Call Canine Familiar     Summ           #.......     100%        3    ####...
 Confuse                  Hex            #.......     100%        3    ####...
 Dazzling Spray           Conj/Hex       #.....       100%        3    ####...
 Ozocubu's Armour         Chrm/Ice       #.......     100%        3    ####...
 Summon Guardian Golem    Hex/Summ       #.......     100%        3    ####...
 Tukima's Dance           Hex            #.......     100%        3    ####...
 Summon Ice Beast         Ice/Summ       #.......     100%        4    #####..
 Summon Lightning Spire   Summ/Air       #.......     100%        4    #####..
 Throw Icicle             Conj/Ice       #.......     100%        4    #####..


Dungeon Overview and Level Annotations

Branches:
Dungeon (8/15)             Temple (0/1) D:7
   Lair: D:8-11

Altars:
Ashenzari
Dithmenos
Fedhas
Kikubaaqudgha
Makhleb
Okawaru
Qazlal
Uskayaw
Vehumet
Xom
Zin
Beogh

Annotations:
D:4 3 runed translucent doors, LabCoat's ghost, amateur HOFi
D:8 1 transporter, Erica


Innate Abilities, Weirdness & Mutations

You reflexively headbutt those who attack you in melee.
You have a pair of horns on your head.


Message History

You feel sick.
You feel sick.
You feel sick.
You feel sick.
You feel sick.
You flicker for a moment.
You feel sick.
You feel yourself slow down.
You feel sick.
You hear some strange, mumbled words.
Something tries to affect you, but you resist.
You feel sick.
There is a stone staircase leading down here.
You flicker back into view.
You feel sick.
You feel sick.
You hear some strange, mumbled words.
A bolt of poison appears from out of thin air!
The bolt of poison hits you!!!
You are lethally poisoned!
Ouch! That really hurt!
You die...

#.# #.# # #.# . #{### #.
#.#..
#.##################....
###...<.....>.............
........##................
.........@.####.######.#..
######.#### #.# ..### #.#
#.####...#
#.#######......©..
#.##...<...#######
.#######.##.####..#8P$©$P8
..................#≈.[.(.≈
.#######.##.##....####+#
#.##.##.##.#o≈...


There were no monsters in sight!

Vanquished Creatures
  Pikel (D:6)
  Prince Ribbit (D:6)
  A water moccasin (D:6)
  An ice beast (D:7)
  A black bear (D:8)
  A necrophage (D:7)
  A phantom (D:4)
  An ogre (D:5)
  A centaur (D:5)
  3 bullfrogs
  2 howler monkeys (D:5)
  3 crimson imps
  3 hounds
  2 jellies
  A bullfrog skeleton (D:5)
  A gnoll shaman (D:4)
  Crazy Yiuf (D:3)
  4 centaur skeletons
  An iron imp (D:4)
  5 orc wizards
  2 iguanas
  6 worker ants
  A hound skeleton (D:8)
  8 mummies (Ossuary)
  A worker ant zombie (D:6)
  A howler monkey skeleton (D:4)
  4 gnolls
  4 adders
  2 shadow imps (D:5)
  2 adder skeletons
  2 adder zombies
  2 worms (D:2)
  9 leopard geckos
  29 orcs
  8 giant cockroaches
  3 gnoll zombies (Ossuary)
  9 goblins
  7 hobgoblins
  2 jackals (D:2)
  A quokka (D:3)
  3 ball pythons
  3 bats
  5 frilled lizards
  8 kobolds
  2 kobold zombies (Ossuary)
  3 orc zombies (Ossuary)
  A quokka skeleton (D:4)
  2 quokka zombies
  9 rats
174 creatures vanquished.

Vanquished Creatures (others)
  A slave (D:6)
  A centaur skeleton (D:5)
2 creatures vanquished.

Grand Total: 176 creatures vanquished

Notes
Turn   | Place    | Note
-------+----------+-------------------------------------------
     0 | D:1      | Mrkan the Minotaur Fighter began the quest for the Orb.
     0 | D:1      | Reached XP level 1. HP: 19/19 MP: 0/0
   338 | D:1      | Reached skill level 4 in Shields
   338 | D:1      | Reached XP level 2. HP: 26/26 MP: 1/1
   776 | D:2      | Found a shattered altar of Ashenzari.
   789 | D:2      | Reached XP level 3. HP: 25/31 MP: 2/2
   803 | D:2      | Reached XP level 4. HP: 29/39 MP: 3/3
   892 | D:2      | Reached skill level 5 in Shields
  1098 | D:2      | Found a glowing golden altar of the Shining One.
  1100 | D:2      | Found a shadowy altar of Dithmenos.
  1100 | D:2      | Found a snail-covered altar of Cheibriados.
  1102 | D:2      | Found a shimmering altar of Xom.
  1102 | D:2      | Found a white marble altar of Elyvilon.
  1102 | D:2      | Found a radiant altar of Vehumet.
  1666 | D:3      | Found a runed translucent door.
  1667 | D:3      | Noticed Crazy Yiuf
  1889 | D:3      | Reached XP level 5. HP: 40/45 MP: 4/4
  1946 | D:3      | Reached skill level 5 in Maces & Flails
  2076 | D:3      | Reached skill level 6 in Shields
  2301 | D:3      | Found a shadowy altar of Dithmenos.
  2314 | D:3      | Became a worshipper of Dithmenos the Shadowed
  2440 | D:3      | Killed Crazy Yiuf
  2669 | D:4      | Found a runed translucent gate.
  2669 | D:4      | Noticed LabCoat's ghost (amateur HOFi)
  2769 | D:4      | Found a glowing silver altar of Zin.
  2771 | D:4      | Found the +10 Black Knight's horse barding {ponderous,
                  | rPois rN+}
  2778 | D:4      | Reached XP level 6. HP: 49/51 MP: 5/5
  2781 | D:4      | Reached skill level 1 in Invocations
  3036 | D:4      | Reached * piety under Dithmenos
  3048 | D:4      | Reached XP level 7. HP: 27/57 MP: 7/7
  3145 | D:4      | Found a sand-covered staircase.
  3175 | D:4      | Reached skill level 7 in Shields
  3205 | Ossuary  | Entered an ossuary
  3652 | D:4      | Found a burning altar of Makhleb.
  3656 | D:4      | Reached ** piety under Dithmenos
  3869 | D:4      | Identified the +4 hand axe of the Equinox {chop, rN+ MR+}
  3877 | D:4      | Found a runed translucent gate.
  3877 | D:4      | Found a runed translucent gate.
  3879 | D:4      | Found a roughly hewn altar of Beogh.
  4294 | D:5      | Entered Level 5 of the Dungeon
  4346 | D:5      | Reached skill level 8 in Shields
  4346 | D:5      | Reached XP level 8. HP: 41/64 MP: 8/10
  4682 | D:5      | Found an iron altar of Okawaru.
  4844 | D:5      | Found an ancient bone altar of Kikubaaqudgha.
  4882 | D:5      | Found a stormy altar of Qazlal.
  5253 | D:6      | Noticed Pikel
  5292 | D:6      | Killed Pikel
  5292 | D:6      | Reached skill level 9 in Shields
  5292 | D:6      | Reached skill level 5 in Invocations
  5528 | D:6      | Noticed Prince Ribbit
  5554 | D:6      | Reached XP level 9. HP: 26/70 MP: 12/12
  5567 | D:6      | Killed Prince Ribbit
  5765 | D:6      | You fall through a shaft!
  6011 | D:6      | Found a blossoming altar of Fedhas.
  6608 | D:7      | Found a staircase to the Ecumenical Temple.
  6731 | D:7      | Found a hide-covered altar of Uskayaw.
  6736 | D:7      | Found a stormy altar of Qazlal.
  7075 | D:8      | Found a transporter.
  7119 | D:8      | Reached skill level 10 in Shields
  7128 | D:8      | Noticed Erica
  7155 | D:8      | Killed from afar by Erica

Skill      XL: |  1  2  3  4  5  6  7  8  9 |
---------------+----------------------------+-----
Shields        | 4 5 6 8 9 10 | 10.0
Maces & Flails | 3 4 5 6 7 8 9 |  9.6
Invocations    | 2 4 5 6 |  6.5
Fighting       | |  3.6
Armour         | |  3.6

Action                   |  1- 3 |  4- 6 |  7- 9 || total
-------------------------+-------+-------+-------++-------
Melee: Flail             |    58 |   161 |   198 ||   417
       Headbutt          |     7 |    36 |    69 ||   112
       Whip              |       |       |   120 ||   120
 Abil: Evoke Invisibilit |       |       |     1 ||     1
  Use: Scroll            |       |       |     7 ||     7
       Potion            |       |       |     3 ||     3
  Eat: Chunk             |       |     4 |     9 ||    13
       Ration            |       |     1 |     1 ||     2
Armor: Scale mail        |    20 |    31 |       ||    51
       Chain mail        |       |    31 |   129 ||   160
Dodge: Dodged            |    20 |    38 |    55 ||   113
Block: Shield            |    22 |    89 |   203 ||   314
